 Dungeon Crawl Stone Soup version 0.30-a0-55-g90e3122c3a (webtiles) character file.

Game seed: 15478166201008140722

93 jlumianski the Chopper (level 4, 0/34 HPs)
             Began as a Demonspawn Gladiator on Sept 9, 2022.
             Slain by a gnoll
             ... wielding a +0 flail
              (4 damage)
             ... on level 1 of the Dungeon.
             The game lasted 00:04:23 (923 turns).

jlumianski the Chopper (Demonspawn Gladiator)        Turns: 923, Time: 00:04:23

Health: 0/34       AC:  5    Str: 17    XL:     4   Next: 37%
Magic:  4/4        EV: 12    Int:  9    God:
Gold:   35         SH:  9    Dex: 14    Spells: 3/3 levels left

rFire   . . .      SeeInvis .    a - +0 war axe
rCold   . . .      Faith    .    (no shield)
rNeg    . . .      Spirit   .    b - +0 leather armour
rPois   .          Reflect  +    c - +0 helmet
rElec   .          Harm     .    k - +0 cloak
rCorr   .          Rampage  .    (no gloves)
Will    .....                    (no boots)
Stlth   +.........               l - amulet of reflection
HPRegen 0.11/turn                (no ring)
MPRegen 0.09/turn                (no ring)

@: brilliant
A: large bone plates 1, spiny 1, weakness stinger 1
a: no special abilities


You were on level 1 of the Dungeon.
You visited 1 branch of the dungeon, and saw 2 of its levels.

You collected 35 gold pieces.

Inventory:

Hand Weapons
 a - a +0 war axe (weapon)
 o - a +0 dagger
Missiles
 d - 3 throwing nets
 e - a javelin
 j - 6 silver boomerangs
 m - 17 stones
 p - 5 poisoned darts (quivered)
Armour
 b - a +0 leather armour (worn)
 c - a +0 helmet (worn)
 k - a +0 cloak (worn)
Jewellery
 l - an amulet of reflection (around neck)
Scrolls
 g - 2 scrolls of vulnerability {unknown}
 n - a scroll of amnesia {unknown}
Potions
 f - a potion of curing {unknown}
 h - a potion of brilliance
 i - a potion of lignification {unknown}


   Skills:
 + Level 2.4 Fighting
 + Level 3.5 Axes
 + Level 2.1 Throwing
 + Level 1.2 Armour
 + Level 3.1 Dodging
 + Level 0.2 Stealth
 + Level 0.6 Shields


You had 3 spell levels left.
You didn't know any spells.
Your spell library was empty.

Dungeon Overview and Level Annotations

Branches:
Dungeon (2/15)

Altars:


Innate Abilities, Weirdness & Mutations

You are partially covered in large bone plates. (SH +4)
You are partially covered in sharp spines.
You have a small tail.


Message History

You kill the gnoll!
The gnoll is struck by your spines. The gnoll hits you with a +0 whip.
You have reached level 4!
You feel stronger.
Your demonic ancestry asserts itself...
You grow a small tail.
You slash the gnoll!
You kill the gnoll!
Things that are here:
a +0 whip; a gnoll corpse
There is a stone staircase leading down, spattered with blood here.
Things that are here:
a +0 flail; a gnoll corpse
There is a stone staircase leading down, spattered with blood here.
You start resting.
HP restored.
You climb downwards.
The adder is struck by your spines. The adder bites you but does no damage.
The gnoll is struck by your spines. The gnoll hits you with a +0 flail.
The adder is struck by your spines. The adder bites you.
There is a stone staircase leading up, spattered with blood here.
You block the adder's attack. The gnoll hits you with a +0 flail.
You climb upwards.
There is a stone staircase leading down, spattered with blood here.
You completely miss the adder.
The adder is heavily wounded.
You barely miss the gnoll. You block the adder's attack.
You block the gnoll's attack. The adder bites you.
The gnoll hits you with a +0 flail!
You miss the adder.
The adder is heavily wounded.
You completely miss the gnoll. The adder bites you but does no damage.
You block the gnoll's attack. The adder bites you but does no damage.
You slash the adder!
You kill the adder!
You hit the gnoll. The gnoll hits you with a +0 flail!
* * * LOW HITPOINT WARNING * * *
It was a potion of brilliance.
You feel clever all of a sudden. The gnoll is struck by your spines.
The gnoll hits you with a +0 flail.
You die...

########## ########..##
.........# #........## .........#
######....##### .........#
##.>.##....#
.........###..#.......#
.........#...#####....#
.).........##.####....# ########
.................g....####...##..
...#.##.#......)@)...............
....#..#....#.####....##.........
##.#.##.#...#.# #######.........
.#.#.##.#...#.# #..........
....#..#....#.# #.#........
...#.##.#.#.).# ##.##...##..
..........###)########..........#
..........#
#........รท..........#
.......##.# #..#.....#..........#


You could see a gnoll.

Vanquished Creatures
  2 gnolls (D:1)
  3 adders
  2 dart slugs (D:1)
  An orc (D:1)
  2 endoplasms (D:1)
  3 giant cockroaches (D:1)
  3 goblins
  3 hobgoblins (D:1)
  5 kobolds (D:1)
  A quokka (D:1)
  4 ball pythons
  7 bats
  A frilled lizard (D:1)
  6 rats (D:1)
43 creatures vanquished.

Notes
Turn   | Place    | Note
-------+----------+-------------------------------------------
     0 | D:1      | jlumianski the Demonspawn Gladiator began the quest for the
                  | Orb.
     0 | D:1      | Reached XP level 1. HP: 16/16 MP: 1/1
    76 | D:2      | Gained mutation: You are partially covered in large bone
                  | plates. (SH +4) [demonic ancestry]
    76 | D:2      | Reached XP level 2. HP: 20/22 MP: 2/2
   170 | D:1      | Gained mutation: You are partially covered in sharp spines.
                  | [demonic ancestry]
   170 | D:1      | Reached XP level 3. HP: 18/27 MP: 3/3
   777 | D:1      | Reached skill level 1 in Armour
   901 | D:1      | Gained mutation: You have a small tail. [demonic ancestry]
   901 | D:1      | Reached XP level 4. HP: 32/34 MP: 4/4
   923 | D:1      | Slain by a gnoll

Illustrated notes

Levels and vault maps discovered:
D:1:      kennysheep_arrival_seaside, layout_rooms, minmay_small_reverse_x
D:2:      layout_rooms, basic_altar, hangedman_decor_points

Skill      XL: |  1  2  3 |
---------------+----------+-----
Throwing       | 2 |  2.1
Dodging        | 3 |  3.1
Axes           | 3 |  3.5
Armour         | 1 |  1.2
Fighting       | |  2.4
Stealth        | |  0.2
Shields        | |  0.6

Action                   |  1- 3 |  4- 6 || total
-------------------------+-------+-------++-------
Melee: War axe           |    72 |     4 ||    76
       Punch             |     1 |       ||     1
  Use: Potion            |       |     1 ||     1
Armor: Leather armour    |    30 |     3 ||    33
Dodge: Dodged            |    54 |       ||    54
Block: Other             |    29 |     4 ||    33

Table legend: (Time is in decaauts)
 A = Elapsed time spent in this place.
 B = Non-inter-level travel time spent in this place.
 C = Inter-level travel time spent in this place.
 D = Time resting spent in this place.
 E = Time spent auto-exploring this place.
 F = Levels seen in this place.
 G = Mean time per level.
                   A        B        C        D        E       F      G
               +--------+--------+--------+--------+--------+-----+--------+
         Total |    955 |    920 |     35 |    118 |    441 |   2 |  477.5 |
       Dungeon |    955 |    920 |     35 |    118 |    441 |   2 |  477.5 |
               +--------+--------+--------+--------+--------+-----+--------+

Top non-repeatable levels by time:
     D:1: 897 daAuts
     D:2: 57 daAuts
